 Dungeon Crawl Stone Soup version 0.18-a0-1640-g8b6524e (webtiles) character file.

6254 zxpr0jk the Protected (level 10, -5/132 HPs)
             Began as a Minotaur Fighter on Mar 28, 2016.
             Was a Priest of the Shining One.
             Slain by a 13-headed hydra (8 damage)
             ... on level 8 of the Dungeon.
             The game lasted 00:12:41 (6184 turns).

zxpr0jk the Protected (Minotaur Fighter)            Turns: 6184, Time: 00:12:42

Health: -5/132     AC: 25    Str: 26    XL:     10   Next: 62%
Magic:  9/9        EV:  2    Int:  9    God:    the Shining One [***...]
Gold:   439        SH: 13    Dex: 13    Spells: 0 memorised, 9 levels left

rFire  . . .     SeeInvis +     B - +3 war axe
rCold  + . .     Gourm    +     (armour currently unavailable)
rNeg   + + +     Faith    .     c - +0 shield
rPois  +         Spirit   .     (helmet unavailable)
rElec  .         Dismiss  .     (cloak currently unavailable)
rCorr  .         Reflect  .     (gloves currently unavailable)
SustAt .         Harm     .     (boots currently unavailable)
MR     .....     NoTele   +     C - amulet of the gourmand
Stlth  +.........               I - ring of see invisible
                                o - ring of protection from cold

@: mighty, tree-form, glowing, not resistant to hostile enchantments, very
unstealthy
A: (retaliatory headbutt), (hooves 0), (horns 0), clever 2, subdued magic 1
a: Divine Shield, Renounce Religion


You were on level 8 of the Dungeon.
You worshipped the Shining One.
The Shining One was most pleased with you.
You were very full.
You were a tree.
You visited 2 branches of the dungeon, and saw 9 of its levels.

You collected 529 gold pieces.
You spent 90 gold pieces at shops.

Inventory:

Hand Weapons
 B - a +3 war axe (weapon)
Missiles
 a - a throwing net
 b - 7 tomahawks (quivered)
Armour
 c - a +0 shield (worn)
 d - a +0 chain mail (melded)
 q - a +0 pair of boots (melded)
 t - a +1 pair of gloves (melded)
 w - a +2 cloak (melded)
Jewellery
 l - an uncursed ring of fire
 o - a ring of protection from cold (left branch)
 C - an amulet of the gourmand (around neck)
 I - a ring of see invisible (right branch)
Wands
 L - a wand of flame (28/48)
Scrolls
 e - 5 scrolls of fog {unknown}
 g - 10 scrolls of identify {unknown}
 h - 3 scrolls of blinking {unknown}
 j - 4 scrolls of noise {unknown}
 k - a scroll of enchant armour {unknown}
 n - 5 scrolls of remove curse {unknown}
 p - 2 scrolls of random uselessness {unknown}
 r - 3 scrolls of amnesia {unknown}
 y - a scroll of enchant weapon {unknown}
 D - a scroll of immolation {unknown}
 F - a scroll of fear {unknown}
Potions
 m - 8 potions of curing
 u - a potion of cancellation {unknown}
 v - 2 potions of ambrosia {unknown}
 z - 2 potions of agility {unknown}
 A - 2 potions of magic
 E - 2 potions of brilliance {unknown}
 G - a potion of beneficial mutation {unknown}
Books
 H - a Fen Folio

   Spells                             Type                      Level
   a - Corpse Rot                     Necromancy                   2
   b - Stone Arrow                    Conjuration/Earth            3
   c - Leda's Liquefaction            Hexes/Earth                  4
   d - Summon Forest                  Summoning/Translocation      5
   e - Hydra Form                     Transmutation                6
   f - Summon Hydra                   Summoning                    7
Comestibles
 f - 8 bread rations
 i - 5 meat rations
 s - 17 fruits
 x - a beef jerky
 N - 5 chunks of flesh
 O - 6 slices of pizza


   Skills:
 - Level 8.0 Fighting
 - Level 10.1 Axes
 + Level 11.1 Armour
 + Level 0.0 Dodging
 - Level 11.1 Shields


You had 9 spell levels left.
You didn't know any spells.

Dungeon Overview and Level Annotations

Branches:
Dungeon (8/15)             Temple (1/1) D:5
   Lair: D:8-11

Altars:
Ashenzari
Cheibriados
Dithmenos
Elyvilon
Fedhas
Gozag
Kikubaaqudgha
Makhleb
Nemelex Xobeh
Okawaru
Pakellas
Qazlal
Ru
Sif Muna
Trog
Vehumet
Xom
Yredelemnul
Zin
The Shining One

Shops:
D:4 !


Innate Abilities, Weirdness & Mutations

((You reflexively headbutt those who attack you in melee.))
((You have a pair of large horns on your head.))
((You have hoof-like feet.))
Your mind is very acute. (Int +4)
Your spells are a little easier to cast, but a little less powerful.


Message History

Drink which item? (? for menu, Esc to quit)
Okay, then.
Okay, then.
Read which item? (? for menu, Esc to quit)
Okay, then.
Evoke which item? (* to show all) (? for menu, Esc to quit)
Okay, then.
You hack one of the 12-headed hydra's heads off!
The 11-headed hydra grows two more!
You slash the 13-headed hydra!
The 13-headed hydra is severely wounded.
The 13-headed hydra bites you but does no damage. x2
You block the 13-headed hydra's attack.
The 13-headed hydra bites you but does no damage.
The 13-headed hydra bites you!
* * * LOW HITPOINT WARNING * * *
The 13-headed hydra bites you but does no damage.
The 13-headed hydra bites you!
* * * LOW HITPOINT WARNING * * *
You block the 13-headed hydra's attack. The 13-headed hydra bites you!
You die...

#####.#.### #.#.#
.#######.#.#
..>......#.#
..####.....###
#........
########.
########## ######.
#....♣DK.# #..)...
#.....#.)#
#.....###)
##'''###+#
#.........
#.....P≈.#
.......####
#..P..≈≈P# ##.....
#.....P≈≈####<....
#...).)≈P#.####.#.
#.≈.≈(≈PP#.#
#.#.####
####.#####.##
#.#.(...


You could see a 13-headed hydra and a big kobold.

Vanquished Creatures
  An ugly thing (D:8)
  The ghost of zxpr0jk the Changer, an amateur MiTm of Cheibriados (D:4)
  Prince Ribbit (D:6)
  Sigmund (D:2)
  A wyvern (D:8)
  2 yaks (D:8)
  A steam dragon (D:5)
  Grum (D:8)
  A hippogriff (D:8)
  A hungry ghost (D:8)
  Menkaure (D:6)
  2 ice beasts
  3 sky beasts
  2 black bears
  A wasp (D:7)
  An orc warrior (D:7)
  A phantom (D:6)
  A centaur (D:6)
  8 ogres
  4 wolves (D:8)
  3 big kobolds (D:8)
  Blork the orc (D:4)
  3 giant frogs (D:6)
  A scorpion (D:5)
  6 killer bees (D:4)
  9 wights (D:6)
  4 crimson imps
  A centaur zombie (D:6)
  A giant frog zombie (D:8)
  4 hounds
  2 centaur skeletons
  4 orc wizards
  A giant frog skeleton (D:5)
  A jelly (D:8)
  3 orc priests
  Jessica (D:3)
  An iguana (D:5)
  9 worker ants
  2 sheep (D:8)
  7 gnolls
  7 adders
  An ooze (D:7)
  An adder zombie (D:7)
  An adder skeleton (D:5)
  3 worms
  2 giant geckos
  12 orcs
  2 bats (D:3)
  3 giant cockroaches
  6 goblins
  4 hobgoblins
  6 jackals
  A quokka (D:3)
  3 ball pythons (D:4)
  A giant cockroach zombie (D:6)
  2 giant newts
  8 kobolds
  A quokka skeleton (D:4)
  3 rats
166 creatures vanquished.

Notes
Turn   | Place    | Note
--------------------------------------------------------------
     0 | D:1      | zxpr0jk the Minotaur Fighter began the quest for the Orb.
     0 | D:1      | Reached XP level 1. HP: 19/19 MP: 0/0
   372 | D:1      | Reached XP level 2. HP: 27/27 MP: 1/1
  1245 | D:2      | Noticed Sigmund
  1276 | D:2      | HP: 1/40 [Sigmund/enchanted scythe (3)]
  1277 | D:2      | Killed Sigmund
  1277 | D:2      | Reached skill level 5 in Fighting
  1277 | D:2      | Reached skill level 5 in Axes
  1277 | D:2      | Reached XP level 3. HP: 1/36 MP: 2/2
  1277 | D:2      | Reached XP level 4. HP: 1/42 MP: 3/3
  1277 | D:2      | Reached XP level 5. HP: 1/48 MP: 4/4
  1745 | D:3      | Found a radiant altar of Vehumet.
  1981 | D:3      | Reached XP level 6. HP: 38/56 MP: 5/5
  2046 | D:3      | Noticed Jessica
  2048 | D:3      | Killed Jessica
  2211 | D:4      | Found a stormy altar of Qazlal.
  2235 | D:4      | Found Arol's Distillery.
  2259 | D:4      | Reached XP level 7. HP: 61/64 MP: 6/6
  2305 | D:4      | Bought a potion of mutation for 30 gold pieces
  2305 | D:4      | Bought a potion of mutation for 30 gold pieces
  2305 | D:4      | Bought a potion of mutation for 30 gold pieces
  2314 | D:4      | Gained mutation: Your mind is acute. (Int +2) [potion of mutation]
  2314 | D:4      | Gained mutation: You have a pair of large horns on your head. [potion of mutation]
  2314 | D:4      | Gained mutation: Your mind is very acute. (Int +4) [potion of mutation]
  2315 | D:4      | Gained mutation: You are robust (+10% HP). [potion of mutation]
  2315 | D:4      | Gained mutation: You are very robust (+20% HP). [potion of mutation]
  2316 | D:4      | Gained mutation: You have large cloven feet. [potion of mutation]
  2316 | D:4      | Gained mutation: You have hoof-like feet. [potion of mutation]
  2438 | D:4      | Found a glowing drain.
  2527 | D:4      | Noticed zxpr0jk's ghost (amateur MiTm)
  2539 | D:4      | Killed zxpr0jk's ghost
  2540 | D:4      | Reached XP level 8. HP: 25/87 MP: 7/7
  2778 | D:4      | Noticed Blork the orc
  2788 | D:4      | Killed Blork the orc
  2985 | D:5      | Entered Level 5 of the Dungeon
  3092 | D:5      | Reached skill level 10 in Axes
  3517 | D:5      | Reached skill level 5 in Armour
  3517 | D:5      | Reached skill level 5 in Shields
  3626 | D:5      | Found a bloodstained altar of Trog.
  3812 | D:5      | Found a staircase to the Ecumenical Temple.
  3861 | Temple   | Entered the Ecumenical Temple
  3868 | Temple   | Became a worshipper of the Shining One
  3965 | D:6      | Noticed Menkaure
  3975 | D:6      | Killed Menkaure
  3975 | D:6      | Reached XP level 9. HP: 30/97 MP: 8/8
  4420 | D:6      | Noticed Prince Ribbit
  4426 | D:6      | Killed Prince Ribbit
  4448 | D:6      | Reached * piety under the Shining One
  4871 | D:7      | Gained mutation: Your spells are a little easier to cast, but a little less powerful. [potion of mutation]
  4871 | D:7      | Lost mutation: You are very robust (+20% HP). [potion of mutation]
  4871 | D:7      | Lost mutation: You are robust (+10% HP). [potion of mutation]
  4903 | D:7      | Found a shadowy altar of Dithmenos.
  4980 | D:7      | Reached ** piety under the Shining One
  5327 | D:7      | Reached XP level 10. HP: 79/88 MP: 9/9
  5526 | D:8      | Found an ancient bone altar of Kikubaaqudgha.
  5532 | D:8      | Noticed a purple ugly thing
  5549 | D:8      | Killed a purple ugly thing
  5549 | D:8      | Reached skill level 10 in Armour
  5724 | D:8      | Reached skill level 10 in Shields
  5765 | D:8      | Noticed Grum
  5787 | D:8      | Killed Grum
  6131 | D:8      | Reached *** piety under the Shining One
  6167 | D:8      | Noticed a three-headed hydra
  6184 | D:8      | HP: 3/132 [13-headed hydra (7)]
  6184 | D:8      | Slain by a 13-headed hydra

Vault maps used:
D:1:      scummos_arrival_star, minivault_25
D:2:      uniq_sigmund
D:3:      lemuel_crystal_altar, first_bread, uniq_jessica
D:4:      serial_shops, shop_fountains, portal_sewer_entry_d,
          grunt_qazlal_clouds, uniq_blork_the_orc
D:5:      temple_fountains, trog_three_pillars_becter
D:6:      kennysheep_generic_room_12, uniq_prince_ribbit1, uniq_menkaure
D:7:      basic_altar, minmay_bad_closet
D:8:      lemuel_crystal_altar, chequers_ossuary_entry_cave, hangedman_ranch,
          uniq_grum
Temple:   nicolae_temple_no_exploring_needed

Skill      XL: |  1  2  3  4  5  6  7  8  9 10 |
---------------+-------------------------------+-----
Axes           | 3 5 6 7 9 10 | 10.1
Fighting       | 5 6 7 8 |  8.0
Armour         | 6 9 11 | 11.1
Shields        | 6 9 11 | 11.1

Action                   |  1- 3 |  4- 6 |  7- 9 | 10-12 || total
-------------------------+-------+-------+-------+-------++-------
Melee: War axe           |    53 |    79 |   307 |   108 ||   547
Throw: Tomahawk          |       |       |     5 |       ||     5
  Use: Potion            |     4 |     6 |     5 |     6 ||    21
 Stab: Invisible         |       |     4 |     3 |       ||     7
  Eat: Chunk             |       |     3 |    20 |     5 ||    28
       Fruit             |       |     1 |       |       ||     1
